 Dungeon Crawl Stone Soup version 0.16.2-2-g470672f (webtiles) character file.

89 Miyamura the Sneak (level 4, 0/28 HPs)
             Began as an Octopode Earth Elementalist on Aug 21, 2015.
             Slain by Sigmund
             ... wielding a +2 scythe of freezing
              (1 damage)
             ... on level 3 of the Dungeon.
             The game lasted 00:14:32 (4123 turns).

Miyamura the Sneak (Octopode Earth Elementalist)    Turns: 4123, Time: 00:14:32

Health: 0/28       AC:  1    Str:  7    XL:     4   Next: 55%
Magic:  7/7        EV: 10    Int: 22    God:
Gold:   85         SH:  0    Dex: 13    Spells: 3 memorised, 1 level left

rFire  . . .     SeeInvis .     f - +6 dagger
rCold  . . .     Clarity  .     m - +0 shield
rNeg   . . .     SustAb   +     (helmet restricted)
rPois  .         Gourm    .     (no amulet)
rElec  .         Spirit   .     e - ring of sustain abilities
rCorr  .         Warding  .     (no ring)
rMut   .         Stasis   .     (no ring)
MR     .....                    (no ring)
Stlth  ++........               (no ring)
                                (no ring)
                                (no ring)
                                (no ring)

@: confused, brilliant, not resistant to hostile enchantments, unstealthy
A: almost no armour, amphibious, 8 rings, constrict 8, camouflage 1, gelatinous
body 1
a: no special abilities


You were on level 3 of the Dungeon.
You were not hungry.

You visited 1 branch of the dungeon, and saw 3 of its levels.

You collected 85 gold pieces.

Inventory:

Hand weapons
 f - a +6 dagger (weapon)
Missiles
 b - 107 stones (quivered)
Armour
 i - a +1 large shield
 m - a +0 shield (worn)
Jewellery
 e - a ring of sustain abilities (left tentacle)
Potions
 k - a potion of restore abilities
Books
 d - a book of Geomancy

   Spells                             Type                      Level
   a - Sandblast                      Earth                        1
   b - Stoneskin                      Transmutation/Earth          2
   c - Passwall                       Transmutation/Earth          3
   d - Stone Arrow                    Conjuration/Earth            3
   e - Petrify                        Transmutation/Earth          4
   f - Lee's Rapid Deconstruction     Earth                        5
Comestibles
 a - a bread ration
 c - a slice of pizza


   Skills:
 + Level 1.4 Fighting
 + Level 2.3 Dodging
 + Level 4.4 Stealth
 * Level 1.0 Shields
 - Level 2.2 Spellcasting
 - Level 1.0 Transmutations
 - Level 3.4 Earth Magic


You had one spell level left.
You knew the following spells:

 Your Spells              Type           Power        Failure   Level  Hunger
a - Sandblast             Erth           ####..       2%          1    None
b - Stone Arrow           Conj/Erth      ###...       28%         3    ###....
s - Stoneskin             Trmt/Erth      ####....     9%          2    ##.....


Dungeon Overview and Level Annotations

Branches:
Dungeon (3/15)

Altars:
Ashenzari
Sif Muna

Annotations:
D:3 Natasha, Sigmund


Innate Abilities, Weirdness & Mutations

You cannot wear most types of armour.
You are amphibious.
You can wear up to eight rings at the same time.
You can use your tentacles to constrict many enemies at once.
Your skin changes colour to match your surroundings (Stealth).
Your rubbery body absorbs attacks (AC +1).


Message History

Okay, then.
Casting: Sandblast
Confirm with . or Enter, or press ? or * to list all spells.
Okay, then.
Drink which item? (? for menu, Esc to quit)
You are confused.
You feel invigorated.
Sigmund gestures wildly while chanting.
Sigmund flickers and vanishes!
Deactivating autopickup; reactivate with Ctrl-A.
Something hits you!
* * * LOW HITPOINT WARNING * * *
Something freezes you.
* * * LOW HITPOINT WARNING * * *
Drink which item? (? for menu, Esc to quit)
Okay, then.
Something hits you.
* * * LOW HITPOINT WARNING * * *
Something freezes you.
You die...

### ###
#.###.#
#.....#
#.###.#
#.# #.#
#.# #.#
###{# #.#
#<#.# #.#
#####.#@#
#@#
#.....#)#
#.#
#.#####(#
#.# #.#
#)# #.#
#.# #.#
#.# #.#
#.# #.#
#.# #.#
#.#
#.#####.#
#.#
#.......#
#.#


There were no monsters in sight!

Vanquished Creatures
  An adder (D:2)
  A giant mite (D:2)
  3 giant geckos
  2 oozes
  5 orcs (D:3)
  4 giant cockroaches (D:1)
  10 hobgoblins
  3 jackals (D:1)
  A ball python (D:2)
  6 bats
  4 giant newts
  12 goblins
  3 kobolds (D:1)
  6 rats
61 creatures vanquished.

Notes
Turn   | Place    | Note
--------------------------------------------------------------
     0 | D:1      | Miyamura, the Octopode Earth Elementalist, began the quest for the Orb.
     0 | D:1      | Reached XP level 1. HP: 11/11 MP: 3/3
   657 | D:1      | Reached XP level 2. HP: 17/17 MP: 0/4
   663 | D:1      | Learned a level 2 spell: Stoneskin
  1665 | D:1      | Reached XP level 3. HP: 20/22 MP: 6/6
  2057 | D:1      | Reached skill level 1 in Fighting
  2263 | D:2      | Learned a level 3 spell: Stone Arrow
  2392 | D:2      | Found a deep blue altar of Sif Muna.
  2628 | D:2      | Found a shattered altar of Ashenzari.
  2818 | D:2      | Reached skill level 4 in Stealth
  2818 | D:2      | Reached XP level 4. HP: 26/28 MP: 7/7
  3273 | D:3      | Noticed Natasha
  3835 | D:3      | Reached skill level 1 in Shields
  4054 | D:3      | Noticed Sigmund
  4110 | D:3      | HP: 1/28 [Sigmund/scythe of freezing (6)]
  4123 | D:3      | HP: 1/28 [something (5)]
  4123 | D:3      | Slain by Sigmund

Action                   |  1- 3 |  4- 6 || total
-------------------------+-------+-------++-------
Melee: Unarmed           |    15 |       ||    15
       Club              |    15 |       ||    15
       Mace              |    12 |       ||    12
       Dagger            |    44 |    27 ||    71
 Cast: Sandblast         |    22 |       ||    22
       Stoneskin         |     2 |       ||     2
  Use: Scroll            |     4 |     4 ||     8
       Potion            |       |     5 ||     5
 Stab: Sleeping          |    10 |     3 ||    13
       Distracted        |     2 |     1 ||     3
  Eat: Chunk             |     6 |     4 ||    10
